 Dungeon Crawl Stone Soup version 0.31.0-32-g396128a36d (console) character file.

Game seed: 5241178924574043131

56875 utis the Reanimator (level 14, -1/115 HPs)
             Began as a Demigod Necromancer on Mar 30, 2024.
             Shot with an arrow by an orc warrior (7 damage)
             ... summoned by an orange crystal statue
             ... on level 12 of the Dungeon on Mar 31, 2024.
             The game lasted 02:02:15 (36113 turns).

utis the Reanimator (Demigod Necromancer)          Turns: 36113, Time: 02:02:16

Health: -1/115     AC: 26    Str: 21    XL:     14   Next: 10%
Magic:  22/22      EV:  9    Int: 27    God:
Gold:   1381       SH:  0    Dex: 14    Spells: 4/19 levels left

rFire   . . .        D - +1 demon trident
rCold   . . .        (no shield)
rNeg    . . .        n - +0 plate armour
rPois   .            o - +0 helmet
rElec   +            (no cloak)
rCorr   .            A - +1 pair of gloves
SInv    .            l - +2 pair of boots
Will    +....        c - amulet "Qakuf" {RegenMP Harm rElec} Stlth
                     Q - +4 ring of protection
HPRegen 0.39/turn    I - +6 ring of intelligence
MPRegen 0.58/turn

%: harm (+30% outgoing, +20% incoming)
@: studying Armour
A: high MP 1, forlorn, divine attributes
a: no special abilities


You were on level 12 of the Dungeon.
You visited 2 branches of the dungeon, and saw 17 of its levels.
You also visited: Sewer and Bailey.

You collected 1456 gold pieces.
You spent 75 gold pieces at shops.

Inventory:

Hand Weapons
 z - the +4 falchion of the Bespelling Eel {spect, rC+ Dex+4}
   (You found it on level 10 of the Dungeon)

   Dex+4:     It affects your dexterity (+4).
   rC+:       It protects you from cold.
 D - a +1 demon trident (weapon)
 U - a +2 dagger of venom
 Z - a +0 glaive
Missiles
 m - 80 poisoned darts
 C - 5 silver javelins (quivered)
 R - 28 boomerangs
 V - 4 javelins
 X - 8 atropa-tipped darts
Armour
 l - a +2 pair of boots (worn)
 n - a +0 plate armour (worn)
 o - a +0 helmet (worn)
 x - a +0 pair of boots
 A - a +1 pair of gloves (worn)
Jewellery
 a - the amulet "Vuox" {Faith Will+ Dex+3}
   (You found it on level 3 of the Lair of Beasts)

   [amulet of faith]

   Faith:     It allows you to gain divine favour quickly.
   Dex+3:     It affects your dexterity (+3).
   Will+:     It increases your willpower.
 c - the amulet "Qakuf" (around neck) {RegenMP Harm rElec}
   (You acquired it on level 4 of the Dungeon)

   [amulet of magic regeneration]

   RegenMP:   It increases your rate of magic regeneration.
   rElec:     It insulates you from electricity.
   Harm:      It increases damage dealt and taken.
 y - a ring of resist corrosion
 E - a ring of poison resistance
 I - a +6 ring of intelligence (right hand)
 O - a ring of willpower
 P - a ring of ice
 Q - a +4 ring of protection (left hand)
Wands
 r - a wand of mindburst (8)
 s - a wand of iceblast (7)
 u - a wand of digging (7)
 K - a wand of flame (40)
 L - a wand of paralysis (15)
 W - a wand of polymorph (3)
Scrolls
 e - 2 scrolls of revelation
 g - a scroll of summoning
 j - 2 scrolls of silence {!r}
 p - a scroll of fear
 q - 3 scrolls of blinking
 H - 2 scrolls of vulnerability
 J - 4 scrolls of poison
 N - 6 scrolls of teleportation {@r1}
Potions
 b - 2 potions of magic
 d - 4 potions of might
 f - 2 potions of attraction
 i - 4 potions of heal wounds {@q2}
 k - 2 potions of haste {@q3}
 t - 2 potions of lignification
 v - 2 potions of enlightenment
 w - 5 potions of mutation {!q}
 B - 3 potions of curing {@q1}
 F - 2 potions of ambrosia
 S - 3 potions of degeneration {unknown}
 T - 3 potions of brilliance
Miscellaneous
 Y - a phantom mirror


   Skills:
 + Level 8.1 Fighting
 * Level 11.0 Polearms
 + Level 10.2 Armour
 - Level 8.0 Dodging
 - Level 1.7 Stealth
 - Level 3.0 Spellcasting
 * Level 14.0 Necromancy
 - Level 2.0 Translocations
 - Level 5.0 Evocations


You had 4 spell levels left.
You knew the following spells:

 Your Spells              Type           Power      Damage    Failure   Level
a - Apportation           Tloc           28%        N/A       50%         1
n - Animate Dead          Necr           68%        N/A       4%          4
v - Vampiric Draining     Necr           68%        2d10      1%          3
w - Curse of Agony        Necr           68%        N/A       12%         5
Y - Blink                 Tloc           28%        N/A       65%         2

Your spell library contained the following spells:

 Spells                   Type           Power      Damage    Failure   Level
 Necrotise                Necr           100%       1d9       1%          1
 Magic Dart               Conj           16%        1d3       78%         1
 Sting                    Conj/Alch      16%        1d4       78%         1
 Summon Small Mammal      Summ           16%        N/A       78%         1
 Call Imp                 Summ           8%         N/A       89%         2
 Jinxbite                 Hex            8%         N/A       89%         2
 Static Discharge         Conj/Air       8%         3-4/arc   89%         2
 Volatile Blastmotes      Fire/Tloc      18%        2d11      95%         3
 Tukima's Dance           Hex            4%         N/A       98%         3
 Airstrike                Air            2%         2d(1-17)  100%        4
 Dimensional Bullseye     Hex/Tloc       4%         N/A       100%        4
 Fulminant Prism          Conj/Alch      2%         3d5       100%        4
 Iskenderun's Mystic Bla  Conj/Tloc      9%         2d4       100%        4
 Summon Lightning Spire   Summ/Air       4%         N/A       100%        4
 Alistair's Intoxication  Alch           2%         N/A       100%        5
 Iskenderun's Battlesphe  Conj           4%         2d6       100%        5
 Bombard                  Conj/Erth      2%         9d1       100%        6
 Spellforged Servitor     Conj/Summ      2%         N/A       100%        7


Dungeon Overview and Level Annotations

Branches:
Dungeon (12/15)            Temple (0/1) D:4            Lair (5/5) D:11
 Shoals (0/4) Lair:3        Snake (0/4) Lair:3        Slime (0/5) Lair:5
  Sewer (visited)          Bailey (visited)
    Orc: D:9-12

Shops:
D:2 (   D:6 *

Portals:
Trove: D:11 (give +6 demon whip)

Annotations:
D:3 Grinder
D:7 2 transporters, TheBloodborn's ghost, novice DsFi
D:10 3 runed translucent doors, diceflayer's ghost, journeyman DsFi
D:12 exclusion: orange crystal statue
Lair:3 exclusion: 2 oklob plants


Innate Abilities, Weirdness & Mutations

You have an increased reservoir of magic. (+10% MP)
You shall have no god before yourself.
Your divine heritage dramatically boosts your attributes as you level up.


Message History

The boulder beetle stops rolling and uncurls.
The boulder beetle bites you. The boulder beetle hits you!
The boulder beetle stops rolling and uncurls.
The boulder beetle curls into a ball and begins rolling!
The orc warrior shoots an arrow.
The arrow hits you but does no damage.
The boulder beetle attacks as it pursues you!
The boulder beetle barely misses you.
The boulder beetle stops rolling and uncurls.
The boulder beetle barely misses you.
The boulder beetle curls into a ball and begins rolling! x2
The boulder beetle hits you!!
* * * LOW HITPOINT WARNING * * *
The boulder beetle stops rolling and uncurls.
The boulder beetle hits you but does no damage.
The boulder beetle stops rolling and uncurls.
The boulder beetle leaps!
The boulder beetle curls into a ball and begins rolling! x2
The orc warrior shoots an arrow.
The arrow hits you.
* * * LOW HITPOINT WARNING * * *
You open the door. The boulder beetle barely misses you.
The boulder beetle stops rolling and uncurls.
The boulder beetle hits you!!
* * * LOW HITPOINT WARNING * * *
The boulder beetle stops rolling and uncurls.
Found 20 gold pieces.
The boulder beetle leaps!
There is an open door here.
There's a creature in the doorway!
Unknown command.
Unknown command.
As you read the scroll of fear, it crumbles to dust.
You assume a fearsome visage.
The boulder beetle looks frightened!
The boulder beetle leaps!
You close the door.
Which direction?
You open the door.
The boulder beetle curls into a ball and begins rolling!
You close the door.
An orc warrior breaks down the door.
The boulder beetle leaps!
The orc warrior shoots an arrow.
The arrow hits you.
You die...

...........................░░░░░░
░░....................░░░░░░.....
.░.......ooB..........░..........
.░░░░░░░░.oo...oo.....░....░░░░░░
........░......o......░....░ ░
......░░░.░░░░░░'░B...░....░ ░
......░.†.░......+...░░....░ ░
......░...░......░...░.....░░░░░░
......'...░......░...░...........
......░...░...$..░...░......†.W..
......░...░.....p░...░...........
░░░░░░░.[.░......░...░...........
..........░░░░░░░░...░░''░░░░░░..
...............%..............░..
....░░░+░░░░░░+░..............░..
....░........ ░..............░░░
░░░^░........ ░...............
..░.░........ ░...............
..'.░........ ░............... .
..░.'........ ░...............
..░.░........ ░.....░░░░░░░░░░


You could see an orc warrior (summoned) and 2 orcs.

Vanquished Creatures
  Kirke (Lair:4)
  A minotaur (Lair:3)
  A dire elephant (Lair:5)
  Fannar (D:10)
  Erolcha (D:9)
  4 hydras
  A catoblepas (Lair:5)
  3 boulder beetles
  6 death yaks
  2 two-headed ogres
  Sonja (D:12)
  A fire crab (Lair:4)
  A skyshark (Lair:3)
  4 lindwurms
  An orc knight (Bailey)
  An ugly thing (D:12)
  An orc sorcerer (D:10)
  2 manticores (Lair:5)
  6 elephants
  7 black mambas
  9 cane toads
  A large abomination (D:10)
  5 torpor snails
  9 komodo dragons
  2 unseen horrors (D:11)
  3 rime drakes
  A hydra zombie (D:10)
  4 trolls
  8 hornets
  A meliai zombie (D:10)
  20 blink frogs
  2 shadows
  3 wraiths
  5 wyverns
  6 basilisks
  34 yaks
  A steam dragon (D:7)
  7 vampire mosquitoes
  A small abomination (D:9)
  3 nagas (Lair:3)
  2 acid dragons (D:10)
  A two-headed ogre zombie (D:10)
  Duvessa (D:6)
  8 water moccasins
  5 orc warriors
  A sky beast (D:7)
  A black bear (D:11)
  6 centaurs
  10 wolves
  14 kobold brigands
  2 bullfrogs
  2 scorpions
  A water moccasin zombie (D:5)
  2 jellies
  2 spriggan zombies (D:10)
  Dowan (D:6)
  4 killer bees (D:9)
  A howler monkey (D:10)
  A lava snake (D:12)
  4 wolf zombies (D:10)
  3 hounds
  A centaur zombie (D:10)
  4 orc priests
  2 bombardier beetles
  2 sleepcaps
  Jessica (D:3)
  3 scorpion zombies (D:5)
  2 iguanas
  7 orc wizards
  2 killer bee zombies (D:10)
  2 hound zombies (D:5)
  14 gnolls
  11 adders
  A river rat (Sewer)
  A shadow imp (D:8)
  3 white imps
  2 ufetubi (D:5)
  2 dart slugs (D:2)
  11 ribbon worms
  36 orcs
  14 endoplasms
  7 giant cockroaches
  3 goblins
  7 hobgoblins
  9 jackals
  8 quokkas
  8 ball pythons
  10 bats
  3 frilled lizards (D:1)
  44 kobolds
  9 rats
  A spectral kobold (D:8)
473 creatures vanquished.

Vanquished Creatures (collateral kills)
  A death yak (Lair:5)
  An elephant (Lair:2)
  A rime drake (Lair:5)
  A cane toad (Lair:5)
  4 blink frogs
  2 basilisks (Lair:5)
  12 yaks
  A water moccasin (Lair:5)
  An orc warrior (D:11)
  A dart slug (D:1)
  An endoplasm (D:4)
  A hobgoblin (D:1)
  A ball python (Sewer)
  2 kobolds
  A rat (Sewer)
31 creatures vanquished.

Vanquished Creatures (others)
  A lindwurm (Lair:5)
  4 death yak zombies (Lair:5)
  A harpy zombie (D:10)
  2 humans (Lair:4)
  A blink frog zombie (Lair:4)
  11 yak zombies
  3 wolf zombies (Lair:4)
  3 killer bee zombies (D:9)
  An orc zombie (D:11)
  6 kobold zombies
33 creatures vanquished.

Grand Total: 537 creatures vanquished

Notes
Turn   | Place    | Note
-------+----------+-------------------------------------------
     0 | D:1      | utis the Demigod Necromancer began the quest for the Orb.
     0 | D:1      | Reached XP level 1. HP: 14/14 MP: 5/5
   266 | D:1      | Reached skill level 4 in Necromancy
   405 | D:1      | Reached XP level 2. HP: 20/20 MP: 5/7
  1030 | D:1      | Reached XP level 3. HP: 26/26 MP: 6/8
  1547 | D:2      | Learned a level 3 spell: Vampiric Draining
  1743 | D:2      | Reached skill level 5 in Necromancy
  2223 | D:2      | Reached XP level 4. HP: 33/33 MP: 5/9
  2577 | D:2      | Found Omoczum's Antique Weapon Shoppe.
  3170 | D:3      | Noticed Jessica
  3175 | D:3      | Killed Jessica
  3176 | D:3      | Reached skill level 6 in Necromancy
  3176 | D:3      | Reached XP level 5. HP: 38/38 MP: 6/10
  3299 | D:3      | Noticed Grinder
  3302 | D:3      | Paralysed by Grinder for 2 turns
  3779 | D:3      | Paralysed by Grinder for 2 turns
  3895 | D:4      | Identified a scroll of acquirement
  3895 | D:4      | Acquired the amulet "Qakuf" {RegenMP Harm rElec}
  3997 | D:4      | Reached skill level 1 in Fighting
  3997 | D:4      | Reached skill level 1 in Armour
  4039 | D:4      | Found a glowing drain.
  4090 | Sewer    | Entered a sewer
  4142 | Sewer    | Reached XP level 6. HP: 47/47 MP: 6/11
  4835 | D:4      | Found a staircase to the Ecumenical Temple.
  5017 | D:4      | Reached XP level 7. HP: 43/56 MP: 8/12
  5730 | D:4      | Learned a level 4 spell: Animate Dead
  5747 | D:5      | Entered Level 5 of the Dungeon
  6099 | D:5      | You fall into a shaft and drop 3 floors!
  6375 | D:7      | Found a transporter.
  6376 | D:7      | Noticed TheBloodborn's ghost (novice DsFi)
  6377 | D:7      | Identified the +4 dire flail of the Lonely Friends
                  | {distort, *Noise rPois Dex+2 Stlth+}
  6377 | D:7      | Identified the +7 great mace "Widowermaker" {flame, rC+
                  | Str+3 Dex+2}
  6377 | D:7      | Noticed a two-headed ogre
  7303 | D:6      | Reached skill level 7 in Necromancy
  7388 | D:6      | Reached skill level 1 in Evocations
  7388 | D:6      | Reached XP level 8. HP: 63/63 MP: 11/15
  7764 | D:5      | Learned a level 5 spell: Curse of Agony
  8053 | D:6      | Found Vuilul's Lightly-Used Armoury.
  8349 | D:6      | Noticed Duvessa
  8349 | D:6      | Noticed Dowan
  8374 | D:6      | Killed Duvessa
  8380 | D:6      | Killed Dowan
  8381 | D:6      | Reached skill level 8 in Necromancy
  8898 | D:7      | Found a transporter.
  9129 | D:8      | Reached skill level 1 in Polearms
 10489 | D:9      | Found a flagged portal.
 10520 | Bailey   | Entered a bailey
 10576 | Bailey   | Reached XP level 9. HP: 57/71 MP: 14/16
 10961 | Bailey   | Noticed an orc knight
 10986 | Bailey   | Killed an orc knight
 11068 | Bailey   | Reached skill level 5 in Dodging
 12175 | D:9      | Noticed Erolcha
 12194 | D:9      | Killed Erolcha
 12195 | D:9      | Reached skill level 9 in Necromancy
 12460 | D:9      | Reached XP level 10. HP: 53/80 MP: 11/17
 12874 | D:9      | Reached skill level 5 in Fighting
 12874 | D:9      | Reached skill level 5 in Armour
 13285 | D:10     | Entered Level 10 of the Dungeon
 13296 | D:10     | Reached skill level 5 in Polearms
 13308 | D:10     | Reached skill level 10 in Necromancy
 13669 | D:10     | Noticed Fannar
 13912 | D:10     | Killed Fannar
 15079 | D:6      | Bought a -2 demon trident for 75 gold pieces
 15917 | D:9      | Reached XP level 11. HP: 45/89 MP: 12/19
 16098 | D:9      | Paralysed by a hornet for 1 turns
 18647 | D:10     | Learned a level 1 spell: Apportation
 18762 | D:10     | Identified the +4 falchion of the Bespelling Eel {spect,
                  | rC+ Dex+4}
 18925 | D:11     | Noticed a two-headed ogre
 19837 | D:11     | HP: 2/89 [two-headed ogre/+0 giant spiked club (7)]
 20175 | D:10     | Reached skill level 1 in Translocations
 20269 | D:11     | Reached skill level 11 in Necromancy
 20442 | D:10     | HP: 1/89 [wraith (10)]
 20743 | D:11     | Found a portal to a secret trove of treasure.
 21147 | D:11     | Found a staircase to the Lair.
 21184 | D:11     | Killed a two-headed ogre
 21267 | Lair:1   | Entered Level 1 of the Lair of Beasts
 21612 | Lair:1   | HP: 4/85 [komodo dragon (10)]
 21929 | Lair:1   | Reached XP level 12. HP: 95/96 MP: 5/20
 22052 | Lair:1   | Reached skill level 5 in Evocations
 23540 | Lair:2   | Noticed a boulder beetle
 23754 | Lair:2   | Reached skill level 12 in Necromancy
 23758 | Lair:2   | Killed a boulder beetle
 26289 | Lair:2   | Learned a level 2 spell: Blink
 26499 | Lair:3   | Found a staircase to the Shoals.
 27840 | Lair:3   | Found a runed translucent door.
 27911 | Lair:3   | Found a staircase to the Snake Pit.
 28258 | Lair:3   | Noticed a minotaur
 28278 | Lair:3   | Killed a minotaur
 28433 | Lair:3   | Identified the amulet "Vuox" {Faith Will+ Dex+3}
 28923 | Lair:4   | Noticed a four-headed hydra
 28935 | Lair:4   | Killed a four-headed hydra
 28936 | Lair:4   | Reached XP level 13. HP: 83/104 MP: 21/21
 29815 | Lair:4   | Noticed Kirke
 29833 | Lair:4   | Killed Kirke
 29981 | Lair:4   | Reached skill level 13 in Necromancy
 30910 | Lair:5   | Entered Level 5 of the Lair of Beasts
 31093 | Lair:4   | Reached skill level 10 in Polearms
 33177 | Lair:5   | Noticed a dire elephant
 33196 | Lair:5   | Killed a dire elephant
 33523 | Lair:5   | Reached skill level 10 in Armour
 33687 | Lair:5   | Reached XP level 14. HP: 44/114 MP: 4/22
 34072 | Lair:5   | Found a staircase to the Slime Pits.
 34872 | D:10     | Found a runed translucent gate.
 34872 | D:10     | Identified the +3 chain mail of Stoicism {rPois rCorr MP-9
                  | Slay+2}
 34872 | D:10     | Identified the +2 leather armour of Kajekerr {^Drain rF-
                  | Will++ Dex+8}
 34873 | D:10     | Found a runed translucent gate.
 34873 | D:10     | Identified the +5 orcbow of the Magi {flame, rElec rPois
                  | rN+++ Str-5}
 34874 | D:10     | Found a runed translucent gate.
 34876 | D:10     | Noticed diceflayer's ghost (journeyman DsFi)
 35393 | D:12     | Noticed Sonja
 35412 | D:12     | Paralysed by Sonja for 5 turns
 35435 | D:12     | Killed Sonja
 35997 | D:12     | Reached skill level 14 in Necromancy
 36102 | D:12     | HP: 1/115 [boulder beetle[an orange crystal statue] (33)]
 36113 | D:12     | Shot with an arrow by an orc warrior

Illustrated notes

Levels and vault maps discovered:
D:1:      amcnicky_arrival_wind_blow, layout_basic,
          ebering_ecumenical_altar_hall, serial_corexii_hall,
          chequers_hall_statues_wall_a, corexii_hall_statues_t,
          corexii_hall_statues_x, corexii_hall_statues_i,
          corexii_hall_statues_i, corexii_hall_statues_s
D:2:      layout_loops_ring, serial_shops, shop,
          minmay_fractal_squares_gapless_5
D:3:      layout_basic, lemuel_crystal_altar, hangedman_decor_push,
          uniq_grinder, uniq_jessica
D:4:      layout_loops_ring, mainiacjoe_overflow_paths,
          mainiacjoe_overflow_catwalk, minmay_temple_entry_glassed_door,
          cheibrodos_sewer_entry_bend
D:5:      layout_rooms, mainiacjoe_overflow_small_starburst,
          lemuel_crystal_altar, nicolae_yredelemnul_corpse_copse,
          nicolae_qazlal_eye_of_the_storm, mainiacjoe_overflow_alcove_1
D:6:      layout_rooms, cheibrodos_ashenzari_chains, nemelex_spade_bored_becter,
          slow_altar_1, mainiacjoe_overflow_catch_the_wave, minmay_shop_damaged,
          grunt_decor_resistance, uniq_duvessa
D:7:      layout_basic, mainiacjoe_overflow_surrounded_room,
          gammafunk_ghost_smash, kennysheep_path_1
D:8:      layout_rooms, nicolae_hepliaklqana_monster_ancestors
D:9:      layout_basic, enter_bailey_4, uniq_erolcha
D:10:     hellmonk_paralyzer, layout_stronghold, biasface_ghost_orc_armoury,
          serial_column_ruins, column_ruins_corridor_straight,
          column_ruins_grid_3, column_ruins_corridor_straight,
          column_ruins_open_tiny, column_ruins_grid_1, grunt_decor_one_mirror,
          roadster_capsule_ark_zombie, uniq_fannar
D:11:     layout_cave_pods, david_lair_generic, nicolae_trove_entry_columns
D:12:     layout_irregular_city, erik_orc_1, minivault_25_ag, disabler_island,
          uniq_sonja
Lair:1:   layout_loops_ring, kennysheep_snail_temple
Lair:2:   layout_regular_city, nicolae_quartered_pool_impasse,
          nicolae_lair_lindhole
Lair:3:   dreamdust_labyrinth, layout_regular_city, elwin_shoals_entry_rocks,
          nicolae_snake_entry_squirm
Lair:4:   layout_regular_city, uniq_kirke
Lair:5:   hangedman_lair_in_review, layout_big_grid, dpeg_slime_entry_corner,
          grunt_megastairs_1

Skill      XL: |  1  2  3  4  5  6  7  8  9 10 11 12 13 14 |
---------------+-------------------------------------------+-----
Necromancy     | 4 5 6 7 8 9 10 11 12 13 14 | 14.0
Fighting       | 1 2 3 4 5 6 7 8 |  8.1
Armour         | 1 2 3 4 5 7 9 10 | 10.2
Dodging        | 2 3 4 5 6 8 |  8.0
Spellcasting   | 3 |  3.0
Evocations     | 1 3 4 5 |  5.0
Polearms       | 2 4 6 8 9 10 11 | 11.0
Translocations | 1 2 |  2.0
Stealth        | |  1.7

Action                     |  1- 3 |  4- 6 |  7- 9 | 10-12 | 13-15 || total
---------------------------+-------+-------+-------+-------+-------++-------
  Melee: Rapier            |    18 |    21 |   101 |       |       ||   140
         Spear             |     2 |       |       |       |       ||     2
         Punch             |       |       |     6 |    12 |     3 ||    21
         Dagger            |       |       |   149 |    13 |       ||   162
         Halberd           |       |       |    75 |   104 |       ||   179
         Demon trident     |       |       |       |   706 |   368 ||  1074
  Throw: Dart              |       |     2 |       |    11 |     3 ||    16
         Javelin           |       |       |       |     2 |       ||     2
   Cast: Necrotise         |    81 |   155 |   150 |     9 |       ||   395
         Vampiric Draining |       |       |    31 |   178 |    38 ||   247
         Animate Dead      |       |       |     3 |     9 |     7 ||    19
         Apportation       |       |       |       |     4 |       ||     4
         Curse of Agony    |       |       |       |     3 |    37 ||    40
  Evoke: Wand              |       |       |     9 |    29 |     5 ||    43
    Use: Scroll            |     1 |     8 |     6 |    14 |     4 ||    33
         Potion            |       |       |     3 |     5 |     1 ||     9
   Stab: Sleeping          |     1 |       |       |       |       ||     1
         Paralysed         |       |       |     8 |       |     4 ||    12
         Petrified         |       |       |       |       |     7 ||     7
         Distracted        |       |       |       |       |     2 ||     2
         Petrifying        |       |       |       |       |     1 ||     1
 Armour: Leather armour    |    21 |     4 |       |       |       ||    25
         Ring mail         |       |    21 |     3 |       |       ||    24
         Scale mail        |       |       |   281 |       |       ||   281
         Chain mail        |       |       |    82 |   836 |       ||   918
         Plate armour      |       |       |       |   446 |   417 ||   863
         Skin              |       |       |       |    20 |       ||    20
  Dodge: Dodged            |    19 |    28 |   227 |   562 |   169 ||  1005
